 Dungeon Sprint DCSS version 0.31-a0-240-gb923e448b6 (webtiles) character file.

Game seed: 10387394354488911088

33 Conn the Firebug (level 3, -4/21 HPs)
             Began as an Octopode Fire Elementalist on July 12, 2023.
             Was an Initiate of Sif Muna.
             Slain by a tentacle (25 damage)
             ... attached to a kraken
             ... in the Dungeon (Sprint II: "The Violet Keep of Menkaure").
             The game lasted 00:02:44 (278 turns).

Conn the Firebug (Octopode Fire Elementalist)        Turns: 278, Time: 00:02:44

Health: -4/21      AC:  5    Str:  7    XL:     3   Next: 29%
Magic:  7/7        EV: 13    Int: 19    God:    Sif Muna [......]
Gold:   428        SH:  0    Dex: 12    Spells: 5/8 levels left

rFire   . . .        (no weapon)
rCold   . . .        (no shield)
rNeg    . . .        (helmet restricted)
rPois   .            w - amulet of magic regeneration
rElec   .            j - +4 ring of protection
rCorr   .            s - ring of willpower
SInv    .            (no ring)
Will    +....        (no ring)
Stlth   ++++         (no ring)
HPRegen 0.23/turn    (no ring)
MPRegen 0.50/turn    (no ring)
                     (no ring)

%: no teleportation
@: no status effects
A: almost no armour, amphibious, 8 rings, camouflage 1, gelatinous body 1,
nimble swimmer 1, tentacles
a: Renounce Religion


You were in the Dungeon.
You worshipped Sif Muna.
Sif Muna was noncommittal.
You visited 1 branch You collected 428 gold pieces.

Inventory:

Jewellery
 j - a +4 ring of protection (left tentacle)
 s - a ring of willpower (right tentacle)
 w - an amulet of magic regeneration (around mantle)
Talismans
 n - a maw talisman
Scrolls
 f - 3 scrolls of blinking
 g - 2 scrolls of torment {unknown}
 i - 3 scrolls of vulnerability {unknown}
 l - a scroll of enchant weapon {unknown}
 m - a scroll of fog {unknown}
 o - a scroll of immolation {unknown}
 q - a scroll of enchant armour {unknown}
 t - 2 scrolls of identify {unknown}
 u - a scroll of fear {unknown}
Potions
 a - 6 potions of magic
 b - a potion of curing
 c - 2 potions of heal wounds
 d - 3 potions of haste
 e - a potion of berserk rage
 h - 3 potions of enlightenment {unknown}
 k - a potion of ambrosia {unknown}
 p - a potion of attraction {unknown}
 r - a potion of degeneration {unknown}
 v - a potion of cancellation {unknown}
 x - 3 potions of resistance {unknown}


   Skills:
 + Level 0.1 Fighting
 + Level 2.9 Dodging
 + Level 3.6 Stealth
 - Level 0.4 Unarmed Combat
 * Level 3.3 Spellcasting
 * Level 1.3 Conjurations
 + Level 5.3 Fire Magic


You had 5 spell levels left.
You knew the following spells:

 Your Spells              Type           Power      Damage    Failure   Level
a - Foxfire               Conj/Fire      60%        2x1d7     3%          1
b - Scorch                Fire           46%        2d7       2%          2

Your spell library contained the following spells:

 Spells                   Type           Power      Damage    Failure   Level
 Inner Flame              Hex/Fire       13%        N/A       14%         3
 Volatile Blastmotes      Fire/Tloc      26%        2d12      14%         3
 Lesser Beckoning         Tloc           6%         N/A       22%         2
 Flame Wave               Conj/Fire      15%        2d7       36%         4
 Gell's Gravitas          Tloc           3%         N/A       41%         3
 Teleport Other           Tloc           3%         N/A       41%         3


Dungeon Overview and Level Annotations

Branches:
Dungeon (1/1)

Altars:
Cheibriados
Dithmenos
Elyvilon
Fedhas
Gozag
Hepliaklqana
Kikubaaqudgha
Makhleb
Nemelex Xobeh
Okawaru
Qazlal
Ru
Sif Muna
Trog
Uskayaw
Vehumet
Wu Jian
Xom
Yredelemnul
Zin
The Shining One
Jiyva
Lugonu


Innate Abilities, Weirdness & Mutations

You cannot wear most types of armour.
You are amphibious.
You can wear up to eight rings at the same time.
Your skin changes colour to match your surroundings (Stealth+).
Your rubbery body absorbs attacks. (AC +1, EV +1)
You are camouflaged when in or above water. (Stealth+)
You have tentacles for arms and can constrict up to eight enemies at once.


Message History

You now have 390 gold pieces (gained 6).
The walls and floor vibrate strangely for a moment.
You see here a +0 club.
You see here a +0 glaive.
You see here a +0 short sword.
t - 2 scrolls labelled AROQYMY UVYOG (gained 1)
You now have 402 gold pieces (gained 12).
You see here a +0 spear.
i - 2 scrolls labelled JOMISU NUAMM (gained 1)
i - 3 scrolls labelled JOMISU NUAMM (gained 1)
You now have 417 gold pieces (gained 15).
u - a scroll labelled IKAFIA GUYKU
v - a bubbling golden potion You pick up a book of Displacement and begin reading...
You add the spells Lesser Beckoning, Gell's Gravitas and Teleport Other to your library.
You see here 7 stones.
w - an amulet of magic regeneration You now have 428 gold pieces (gained 11).
x - 3 fizzy red potions
s - a ring of willpower (right tentacle)
You start putting on your amulet.
You continue putting on your amulet of magic regeneration. x5
You finish putting on your amulet of magic regeneration.
w - an amulet of magic regeneration (around mantle)
You see here a +0 glaive.
Okay, then.
You see here 4 stones.
You see here a +0 ring mail.
You see here a +0 cloak.
You open the door.
Tentacles burst out of the water!
A tentacle comes into view.
There is an open door here.
You enter the shallow water.
Casting: Foxfire (safe; 3% risk of failure)
Confirm with . or Enter, or press ? or * to list all spells.
Okay, then.
The tentacle slaps you!!
Ouch! That really hurt!
You die...

#[}▓..)..)))▓▓ #
+.####)=▓)...(((.▓▓ #
...####▓[.......▓▓ ##
#.^# #▓([.[....▓▓ .# +..#
#▓........▓▓ .# #..#
#▓.....[([▓▓
.####..####▓.[.[..[.▓▓
...###...##▓▓▓▓▓▓▓Λ▓▓▓▓+▓
.§...~~~~~~~~~~~@w.\wX≈≈▓
.....~#'########+###Vww≈▓
~~§..~#_._._...#S~~##≈≈≈▓
~§~~.~#._._._._#§~§§####▓
§~~§~~#_._._._.#§§~~≈
§≈§~~§#._._._._#~~§§≈≈
≈§≈§≈~#.._._._.#~§~~§≈
§###≈≈#..._._._#§S~~≈S
#≈≈#...._._.#§§§


You could see a kraken and 4 tentacles.

Vanquished Creatures
  A water moccasin (D)
  3 worms (D)
4 creatures vanquished.

Vanquished Creatures (others)
  8 foxfires (D)
8 creatures vanquished.

Grand Total: 12 creatures vanquished

Notes
Turn   | Place    | Note
-------+----------+-------------------------------------------
     0 | D        | Conn the Octopode Fire Elementalist began the quest for the
                  | Orb.
     0 | D        | Reached XP level 1. HP: 11/11 MP: 3/3
     1 | D        | Noticed a wyvern
     1 | D        | Noticed a wyvern
     4 | D        | Noticed a merfolk siren
    10 | D        | Noticed a boulder beetle
    10 | D        | Noticed a boulder beetle
    30 | D        | Reached skill level 4 in Fire Magic
    30 | D        | Reached XP level 2. HP: 5/17 MP: 0/5
    36 | D        | Learned a level 2 spell: Scorch
   103 | D        | Noticed a water moccasin
   108 | D        | Killed a water moccasin
   109 | D        | Reached skill level 5 in Fire Magic
   109 | D        | Reached XP level 3. HP: 10/21 MP: 1/7
   109 | D        | Found an iron altar of Okawaru.
   109 | D        | Found an opulent altar of Gozag.
   110 | D        | Found a sparkling altar of Nemelex Xobeh.
   110 | D        | Found a blossoming altar of Fedhas.
   111 | D        | Found a radiant altar of Vehumet.
   111 | D        | Found a burning altar of Makhleb.
   111 | D        | Found a white marble altar of Elyvilon.
   112 | D        | Found a hide-covered altar of Uskayaw.
   112 | D        | Found a corrupted altar of Lugonu.
   112 | D        | Found a shadowy altar of Dithmenos.
   113 | D        | Found a glowing silver altar of Zin.
   113 | D        | Found a bloodstained altar of Trog.
   113 | D        | Found an ancient bone altar of Kikubaaqudgha.
   114 | D        | Found a basalt altar of Yredelemnul.
   114 | D        | Found a shimmering blue altar of Sif Muna.
   114 | D        | Found a viscous altar of Jiyva.
   115 | D        | Found a shimmering altar of Xom.
   115 | D        | Found a sacrificial altar of Ru.
   117 | D        | Found a glowing golden altar of the Shining One.
   117 | D        | Found an ornate altar of the Wu Jian Council.
   117 | D        | Found a stormy altar of Qazlal.
   117 | D        | Found a snail-covered altar of Cheibriados.
   117 | D        | Found a hazy altar of Hepliaklqana.
   122 | D        | Noticed a water moccasin
   124 | D        | Noticed a water moccasin
   125 | D        | Became a worshipper of Sif Muna the Loreminder
   141 | D        | Noticed a water moccasin
   141 | D        | Noticed a kraken
   278 | D        | Slain by a tentacle

Illustrated notes

Levels and vault maps discovered:
D:        the_violet_keep_of_menkaure [sprint2_stairs_cluster_1,
          sprint2_shoproom, sprint2_temple, sprint2_basic_supplies,
          sprint2_obstacle_2, sprint2_obstacle_3, sprint2_obstacle_1,
          sprint2_obstacle_5, sprint2_obstacle_7, sprint2_timed_cluster_1,
          sprint2_smallroom_cluster_1, sprint2_smallroom_final_cluster_1,
          sprint2_transparent_cluster_1, sprint2_second_timed_cluster_1,
          sprint2_sniper_area_1, sprint2_heavy_combat_area_1,
          sprint2_mutation_trap_area_1, sprint2_forest_area_1,
          sprint2_light_combat_area_1, sprint2_behind_water_1,
          sprint2_near_end_vault_1]

Skill      XL: |  1  2 |
---------------+-------+-----
Stealth        | 3 |  3.6
Fire Magic     | 4 5 |  5.3
Spellcasting   | 3 |  3.3
Fighting       | |  0.1
Dodging        | |  2.9
Unarmed Combat | |  0.4
Conjurations   | |  1.3

Action                     || total
---------------------------++-------
  Melee: Unarmed           ||    10
         Tentacles         ||     5
         Constrict         ||     4
   Cast: Foxfire           ||     5
         Scorch            ||     2

Table legend: (Time is in decaauts)
 A = Elapsed time spent in this place.
 B = Non-inter-level travel time spent in this place.
 C = Inter-level travel time spent in this place.
 D = Time resting spent in this place.
 E = Time spent auto-exploring this place.
 F = Levels seen in this place.
 G = Mean time per level.
                   A        B        C        D        E       F      G
               +--------+--------+--------+--------+--------+-----+--------+
         Total |    277 |    277 |      0 |     48 |      0 |   1 |  277.0 |
       Dungeon |    277 |    277 |      0 |     48 |      0 |   1 |  277.0 |
               +--------+--------+--------+--------+--------+-----+--------+

Top non-repeatable levels by time:
       D: 277 daAuts
